 Dungeon Crawl Stone Soup version 0.20.0-15-g7f486f2 (webtiles) character file.

40 renl the Magician (level 3, 0/19 HPs)
             Began as a Deep Elf Wizard on June 26, 2017.
             Succumbed to an adder's poison
             ... on level 2 of the Dungeon.
             The game lasted 00:08:45 (947 turns).

renl the Magician (Deep Elf Wizard)                  Turns: 947, Time: 00:08:45

Health: 0/19       AC:  3    Str:  4    XL:     3   Next: 30%
Magic:  0/12       EV: 13    Int: 23    God:
Gold:   72         SH:  0    Dex: 13    Spells: 8/14 levels left

rFire    . . .     SeeInvis .   g - +0 dagger
rCold    . . .     Gourm    .   (no shield)
rNeg     . . .     Faith    .   a - +0 robe
rPois    .         Spirit   .   b - +0 hat
rElec    .         Reflect  .   (no cloak)
rCorr    .         Harm     .   j - +0 pair of gloves
MR       .....                  (no boots)
Stlth    ++........             (no amulet)
Regen    0.1/turn               (no ring)
MPRegen  0.2/turn               (no ring)

@: lethally poisoned (0 -> -9)
A: no striking features
a: no special abilities


You were on level 2 of the Dungeon.
You were not hungry.

You visited 1 branch of the dungeon, and saw 2 of its levels.

You collected 72 gold pieces.

Inventory:

Hand Weapons
 g - a +0 dagger (weapon)
Missiles
 k - 20 stones (quivered)
Armour
 a - a +0 robe (worn)
 b - a +0 hat (worn)
 j - a +0 pair of gloves (worn)
Scrolls
 e - a scroll of fear {unknown}
 f - a scroll of enchant armour {unknown}
 h - 3 scrolls of identify {unknown}
Books
 c - a book of Minor Magic

   Spells                             Type                      Level
   a - Magic Dart                     Conjuration                  1
   b - Blink                          Translocation                2
   c - Call Imp                       Summoning                    2
   d - Slow                           Hexes                        2
   e - Conjure Flame                  Conjuration/Fire             3
   f - Mephitic Cloud                 Conjuration/Poison/Air       3
Comestibles
 d - a bread ration
 i - 7 chunks of flesh
 l - 2 fruits
 m - a royal jelly


   Skills:
 - Level 2.4 Dodging
 - Level 2.4 Stealth
 + Level 6.0 Spellcasting
 + Level 1.5 Conjurations
 + Level 1.1 Summonings
   Level 1.1 Translocations


You had 8 spell levels left.
You knew the following spells:

 Your Spells              Type           Power        Failure   Level  Hunger
a - Magic Dart            Conj           ##..         4%          1    None
b - Call Imp              Summ           ##......     9%          2    None
c - Conjure Flame         Conj/Fire      ##......     19%         3    #......


Dungeon Overview and Level Annotations

Branches:
Dungeon (2/15)

Altars:

Annotations:
D:2 Sigmund


Message History

The adder poisons you!
Casting: Magic Dart
Confirm with . or Enter, or press ? or * to list all spells.
Aiming: Magic Dart
Press: ? - help, Shift-Dir - straight line, f/p - adder
Aim: an adder (severely wounded)
The magic dart hits the adder.
The adder is almost dead.
* * * LOW HITPOINT WARNING * * *
You feel sick. The adder bites you but does no damage.
You barely miss the adder.
The adder is almost dead.
* * * LOW HITPOINT WARNING * * *
You feel sick. The adder barely misses you.
You hit the adder but do no damage.
The adder is almost dead.
The adder completely misses you. The adder closely misses you.
You hit the adder.
The adder is almost dead.
You die...

.....).)....... .#
.####.....##.###.###
..........#8.8#....#
##..............#
)..#......#8.8#.##
..........##.##..# ##
####..#.###......###....
...##.# #......S.)....
######.###.....@###
@..............#
#####.########## #


You could see an adder.

Vanquished Creatures
  2 dart slugs (D:1)
  A leopard gecko (D:1)
  5 giant cockroaches (D:1)
  3 hobgoblins
  6 bats (D:1)
  4 goblins
  8 kobolds
  5 rats
34 creatures vanquished.

Notes
Turn   | Place    | Note
-------+----------+-------------------------------------------
     0 | D:1      | renl the Deep Elf Wizard began the quest for the Orb.
     0 | D:1      | Reached XP level 1. HP: 10/10 MP: 7/7
     0 | D:1      | Noticed a black draconian
     0 | D:1      | Noticed an orb of fire
     4 | D:1      | Noticed a large abomination
     6 | D:1      | Noticed a large abomination
     7 | D:1      | Noticed an orb of fire
     8 | D:1      | Noticed an iron dragon
     9 | D:1      | Noticed an ice dragon
    11 | D:1      | Noticed a green draconian
    15 | D:1      | Noticed a shadow dragon
    15 | D:1      | Noticed an iron dragon
    17 | D:1      | Noticed a green draconian
    19 | D:1      | Noticed a yellow draconian
    19 | D:1      | Noticed a black draconian
    21 | D:1      | Noticed an iron dragon
   206 | D:1      | Reached skill level 5 in Spellcasting
   261 | D:1      | Reached XP level 2. HP: 5/15 MP: 0/10
   265 | D:1      | Learned a level 2 spell: Call Imp
   710 | D:1      | Reached XP level 3. HP: 19/19 MP: 7/12
   715 | D:1      | Learned a level 3 spell: Conjure Flame
   912 | D:2      | Reached skill level 6 in Spellcasting
   923 | D:2      | Noticed Sigmund
   947 | D:2      | Succumbed to an adder's poison

Skill      XL: |  1  2  3 |
---------------+----------+-----
Spellcasting   | 5 6 |  6.0
Dodging        | |  2.4
Stealth        | |  2.4
Conjurations   | |  1.5
Summonings     | |  1.1
Translocations | |  1.1

Action                   || total
-------------------------++-------
Melee: Dagger            ||    24
 Cast: Magic Dart        ||    97
Armor: Robe              ||    12
Dodge: Dodged            ||    41
